 Dungeon Crawl Stone Soup version 0.21.0-3-g78d12a8bdd (webtiles) character file.

1997 Kublaii the Ruffian (level 9, 0/88 HPs)
             Began as a Troll Hunter on Jan 9, 2018.
             Was an Initiate of Okawaru.
             Slain by a hornet (3 damage)
             ... while paralysed by a hornet
             ... on level 7 of the Dungeon on Jan 10, 2018.
             The game lasted 00:49:02 (5596 turns).

Kublaii the Ruffian (Troll Hunter)                  Turns: 5596, Time: 00:49:03

Health: 0/88       AC:  7    Str: 22    XL:     9   Next: 2%
Magic:  8/8        EV:  1    Int:  7    God:    Okawaru [......]
Gold:   321        SH:  0    Dex: 13    Spells: 8/8 levels left

rFire    . . .     SeeInvis .     - Unarmed
rCold    . . .     Gourm    +   i - +0 shield
rNeg     . . .     Faith    .   C - +2 robe
rPois    .         Spirit   .   (helmet restricted)
rElec    .         Reflect  .   (no cloak)
rCorr    .         Harm     .   (gloves unavailable)
MR       .....                  (boots unavailable)
Stlth    +.........             (no amulet)
HPRegen  0.64/turn              g - ring of flight
MPRegen  0.11/turn              (no ring)

@: paralysed, slowed
A: large, unfitting armour, claws 3, fast metabolism 3, gourmand, regeneration
1, shaggy fur 1, tough skin 2
a: Renounce Religion, Evoke Flight


You were on level 7 of the Dungeon.
You worshipped Okawaru.
Okawaru was noncommittal.
You were not hungry.

You visited 2 branches of the dungeon, and saw 8 of its levels.
You also visited: Sewer.

You collected 321 gold pieces.

Inventory:

Hand Weapons
 b - a +4 hunting sling
Missiles
 d - a throwing net
 e - 53 sling bullets
 x - 9 tomahawks
 y - a large rock (quivered)
Armour
 i - a +0 shield (worn)
 C - a +2 robe (worn)
Magical Staves
 o - a cursed staff of summoning {unknown}
Jewellery
 g - a ring of flight (left claw)
 B - a +4 ring of evasion {unknown}
Wands
 k - a wand of random effects (19)
 s - a wand of flame (23)
Scrolls
 l - 8 scrolls of identify
 n - 2 scrolls of teleportation
 r - a scroll of fog
 u - a scroll of immolation
 v - a scroll of remove curse
 z - a scroll of magic mapping {unknown}
 D - a scroll of fear {unknown}
Potions
 a - a potion of ambrosia {unknown}
 c - a potion of agility {unknown}
 h - 8 potions of curing
 j - a potion of lignification
 m - 2 potions of might {unknown}
 p - 4 potions of mutation {unknown}
 q - 3 potions of flight {unknown}
 t - 3 potions of heal wounds {unknown}
 w - a potion of haste {unknown}
 A - 3 potions of brilliance {unknown}
Comestibles
 f - 13 rations


   Skills:
 - Level 5.0 Fighting
 - Level 5.0 Throwing
 - Level 5.0 Dodging
 - Level 0.3 Stealth
 + Level 0.9 Shields
 - Level 7.1 Unarmed Combat
 + Level 1.0 Invocations


You had 8 spell levels left.
You didn't know any spells.

Dungeon Overview and Level Annotations

Branches:
Dungeon (7/15)             Temple (1/1) D:6

Altars:
Cheibriados
Dithmenos
Fedhas
Gozag
Hepliaklqana
Kikubaaqudgha
Nemelex Xobeh
Okawaru
Qazlal
Sif Muna
Trog
Vehumet
Wu Jian
Xom
Yredelemnul
Zin
The Shining One


Innate Abilities, Weirdness & Mutations

You are too large for most types of armour.
You have claws for hands.
Your metabolism is lightning-fast.
You like to eat raw meat.
Your natural rate of healing is unusually fast.
You are covered in fur. (AC +1)
You have very tough skin. (AC +2)


Message History

You feel sick. The hornet stings you!
You feel as though you will be slow longer.
The hornet stings you!
* * * LOW HITPOINT WARNING * * *
You are more poisoned.
You feel as though you will be slow longer.
You barely miss the hornet.
The hornet is almost dead.
You feel sick. The hornet stings you!
* * * LOW HITPOINT WARNING * * *
You feel as though you will be slow longer.
The hornet closely misses you.
You feel better. The hornet barely misses you. The hornet stings you.
* * * LOW HITPOINT WARNING * * *
You suddenly lose the ability to move!
The hornet stings you!
* * * LOW HITPOINT WARNING * * *
You feel as though you will be slow longer.
The hornet stings you.
You die...

#.# #.#
#.# #†#
#.# ♣ #>#
.♣ #.#
♣♣.♣ #.#
♣♣♣♣y..♣
#.# ♣♣.♣@♣
#.#♣♣...♣♣
#.#♣..♣♣♣
#.#♣.♣♣
#....♣
#.#♣♣♣ #.#
#.# #.#


You could see a hornet.

Vanquished Creatures
  A sky beast (D:5)
  A centaur (D:5)
  2 big kobolds (Sewer)
  Blork the orc (D:6)
  A bullfrog (D:5)
  A water moccasin zombie (D:5)
  2 scorpions
  A vampire bat (D:6)
  3 howler monkeys (D:7)
  A crimson imp (D:5)
  2 hounds (D:5)
  A centaur skeleton (D:4)
  3 orc priests
  A bullfrog skeleton (D:7)
  Terence (D:3)
  13 orc wizards
  6 worker ants
  A mummy (D:6)
  8 gnolls
  9 river rats
  8 adders
  2 shadow imps
  4 oozes
  An adder skeleton (D:4)
  6 worms
  2 dart slugs
  3 leopard geckos
  30 orcs
  3 bat skeletons (D:6)
  2 bat zombies (D:6)
  12 giant cockroaches
  2 gnoll zombies (D:2)
  9 goblins
  6 hobgoblins
  2 quokkas
  8 ball pythons
  10 bats
  A frilled lizard (D:4)
  20 kobolds
  A leopard gecko zombie (D:5)
  2 quokka skeletons (D:5)
  22 rats
  A plant (D:3)
216 creatures vanquished.

Notes
Turn   | Place    | Note
-------+----------+-------------------------------------------
     0 | D:1      | Kublaii the Troll Hunter began the quest for the Orb.
     0 | D:1      | Reached XP level 1. HP: 19/19 MP: 0/0
   104 | D:1      | Reached skill level 1 in Unarmed Combat
   114 | D:1      | Reached XP level 2. HP: 27/27 MP: 1/1
   759 | D:2      | Reached XP level 3. HP: 33/33 MP: 2/2
   807 | D:2      | Reached skill level 2 in Unarmed Combat
   833 | D:2      | Found a snail-covered altar of Cheibriados.
   833 | D:2      | Found a sparkling altar of Nemelex Xobeh.
  1149 | D:2      | Found a basalt altar of Yredelemnul.
  1336 | D:2      | Found a shimmering altar of Xom.
  1337 | D:2      | Found a hazy altar of Hepliaklqana.
  1337 | D:2      | Noticed a hungry ghost
  1338 | D:2      | Noticed a spectral ugly thing
  1338 | D:2      | Noticed a hungry ghost
  1548 | D:3      | Reached XP level 4. HP: 42/42 MP: 3/3
  1685 | D:3      | Reached skill level 3 in Unarmed Combat
  1716 | D:3      | Noticed Terence
  1721 | D:3      | Killed Terence
  1721 | D:3      | Reached XP level 5. HP: 35/52 MP: 4/4
  2405 | D:4      | Reached skill level 4 in Unarmed Combat
  2408 | D:4      | Reached XP level 6. HP: 55/61 MP: 5/5
  3029 | D:5      | Entered Level 5 of the Dungeon
  3037 | D:5      | Reached skill level 5 in Unarmed Combat
  3037 | D:5      | Reached XP level 7. HP: 28/70 MP: 6/6
  3143 | D:5      | Reached skill level 5 in Fighting
  3368 | D:5      | Reached XP level 8. HP: 39/80 MP: 7/7
  3411 | D:5      | Reached skill level 5 in Throwing
  3779 | D:5      | Found an ornate altar of the Wu Jian Council.
  4128 | D:6      | Reached skill level 6 in Unarmed Combat
  4170 | D:6      | Found a glowing drain.
  4177 | Sewer    | Entered a sewer
  4820 | D:6      | Found an ancient bone altar of Kikubaaqudgha.
  5090 | D:6      | Found a staircase to the Ecumenical Temple.
  5113 | D:6      | Noticed Blork the orc
  5118 | D:6      | Killed Blork the orc
  5118 | D:6      | Reached skill level 7 in Unarmed Combat
  5334 | Temple   | Entered the Ecumenical Temple
  5404 | Temple   | Became a worshipper of Warmaster Okawaru
  5464 | D:7      | Reached skill level 5 in Dodging
  5567 | D:7      | Reached skill level 1 in Invocations
  5567 | D:7      | Reached XP level 9. HP: 78/88 MP: 8/8
  5594 | D:7      | Paralysed by a hornet for 3 turns
  5595 | D:7      | HP: 3/88 [hornet (13)]
  5596 | D:7      | Slain by a hornet

Skill      XL: |  1  2  3  4  5  6  7  8 |
---------------+-------------------------+-----
Unarmed Combat | 1 2 3 4 5 7 |  7.1
Throwing       | 4 5 |  5.0
Fighting       | 2 3 4 5 |  5.0
Dodging        | 2 5 |  5.0
Invocations    | 1 |  1.0
Stealth        | |  0.3
Shields        | |  0.9

Action                   |  1- 3 |  4- 6 |  7- 9 || total
-------------------------+-------+-------+-------++-------
Melee: Short sword       |    57 |       |       ||    57
       Unarmed           |    32 |   111 |   341 ||   484
       Punch             |       |     1 |     4 ||     5
 Fire: Hunting sling     |       |       |     3 ||     3
Throw: Large rock        |    28 |    30 |    25 ||    83
       Stone             |     3 |       |       ||     3
       Throwing net      |       |     2 |       ||     2
 Abil: Evoke Flight      |       |       |     1 ||     1
  Use: Scroll            |     2 |       |     8 ||    10
       Potion            |       |     1 |     2 ||     3
 Stab: Sleeping          |     1 |     1 |       ||     2
       Distracted        |       |       |     2 ||     2
  Eat: Chunk             |    20 |    14 |    18 ||    52
Armor: Robe              |    47 |    29 |   133 ||   209
       Skin              |       |       |     4 ||     4
Dodge: Dodged            |    56 |    48 |   144 ||   248
Block: Shield            |       |       |    76 ||    76
